 Dungeon Crawl Stone Soup version 0.29-a0-284-gf9362112df (webtiles) character file.

Game seed: 3205047585011594676

90 flyleaff the Digger (level 4, -8/24 HPs)
             Began as a Gargoyle Earth Elementalist on Mar 16, 2022.
             Engulfed by a cloud of flame (14 damage)
             ... on level 2 of the Dungeon.
             The game lasted 00:06:54 (1599 turns).

flyleaff the Digger (Gargoyle Earth Elementalist)   Turns: 1599, Time: 00:06:54

Health: -8/24      AC:  6    Str: 11    XL:     4   Next: 56%
Magic:  8/8        EV: 12    Int: 18    God:
Gold:   84         SH:  0    Dex: 16    Spells: 3/9 levels left

rFire   . . .      SeeInvis .   g - staff of poison
rCold   . . .      Faith    .   (no shield)
rNeg    + . .      Spirit   .   b - +0 robe
rPois   ∞          Reflect  .   (no helmet)
rElec   +          Harm     .   (no cloak)
rCorr   .          Rampage  .   (no gloves)
Will    .....                   e - +0 pair of boots
Stlth   ++........              (no amulet)
HPRegen 0.08/turn               o - +6 ring of dexterity
MPRegen 0.11/turn               (no ring)

@: no status effects
A: sickness immunity, AC +3, negative energy resistance 1, electricity
resistance, torment resistance 1, petrification resistance
a: no special abilities


You were on level 2 of the Dungeon.
You visited 1 branch of the dungeon, and saw 2 of its levels.

You collected 84 gold pieces.

Inventory:

Missiles
 a - 65 stones
 i - a throwing net
Armour
 b - a +0 robe (worn)
 e - a +0 pair of boots (worn)
Magical Staves
 g - a staff of poison (weapon)
 m - a staff of air
Jewellery
 o - a +6 ring of dexterity (left hand)
Scrolls
 d - a scroll of summoning {unknown}
 f - a scroll of acquirement {unknown}
 h - a scroll of torment {unknown}
 j - a scroll of immolation
 k - 2 scrolls of fog {unknown}
 l - 3 scrolls of teleportation {unknown}
 n - a scroll of noise {unknown}
Potions
 c - a potion of magic


   Skills:
 - Level 1.5 Dodging
 - Level 2.1 Stealth
 * Level 3.0 Spellcasting
 + Level 0.8 Conjurations
 + Level 1.5 Transmutations
 * Level 4.7 Earth Magic
 - Level 0.3 Poison Magic


You had 3 spell levels left.
You knew the following spells:

 Your Spells              Type           Power      Damage    Failure   Level
a - Sandblast             Erth           38%        2d10      2%          1
b - Passwall              Tmut/Erth      11%        N/A       7%          2
c - Stone Arrow           Conj/Erth      24%        3d8       16%         3

Your spell library contained the following spells:

 Spells                   Type           Power      Damage    Failure   Level
 Petrify                  Tmut/Erth      14%        N/A       41%         4


Dungeon Overview and Level Annotations

Branches:
Dungeon (2/15)

Altars:


Innate Abilities, Weirdness & Mutations

You are immune to sickness and miasma.
Your stone body is resilient. (AC +3)
You are immune to poison.
You resist negative energy. (rN+)
You are resistant to electric shocks. (rElec)
You are resistant to unholy torment.
You are immune to petrification.


Message History

Found 11 gold pieces.
The helpless dart slug fails to defend itself.
You hit the dart slug.
The dart slug is heavily wounded.
You hit the dart slug.
The dart slug is almost dead.
The dart slug closely misses you.
You hit the dart slug but do no damage.
The dart slug is almost dead.
The dart slug launches a dart at you. The slug dart misses you.
You hit the dart slug.
You kill the dart slug!
No target in view!
No target in view!
You now have 73 gold pieces (gained 5).
a - 31 stones (gained 19)
a - 65 stones (gained 34)
A quokka comes into view.
The quokka is engulfed in blazing flames.
The quokka dies!
You now have 84 gold pieces (gained 11).
A bat comes into view.
The bat is engulfed in blazing flames.
The bat dies!
Really walk into a travel-excluded area?
Found 12 gold pieces.
You are engulfed in blazing flames.
Ouch! That really hurt!
You're in a travel-excluded area, stopping explore.
Found a stone staircase leading down.
A ball python comes into view.
Really walk into a travel-excluded area?
You are engulfed in blazing flames.
Ouch! That really hurt!
* * * LOW HITPOINT WARNING * * *
Really walk into that cloud of flame?
You are engulfed in blazing flames.
Ouch! That really hurt!
You die...

...................###
.....##..............##
...................#..##
..####.........#####...#
. .....#.###.# #°§☼#
......#.#...# #.☼§#
.......#.#...# #○§○#
.........#...#####...#
##.....#....@○§.$$..
............§☼○.....§
####........§☼§.$...§§
...........#####...##
...........# §§#
........#### §#
......... # ......>...
...........


There were no monsters in sight!

Vanquished Creatures
  Jessica (D:2)
  3 adders (D:2)
  3 dart slugs
  3 bats
  A giant cockroach (D:1)
  7 goblins
  4 hobgoblins
  3 jackals (D:2)
  A kobold (D:1)
  3 ball pythons (D:2)
  3 frilled lizards
32 creatures vanquished.

Vanquished Creatures (others)
  A quokka (D:2)
  A bat (D:2)
2 creatures vanquished.

Grand Total: 34 creatures vanquished

Notes
Turn   | Place    | Note
-------+----------+-------------------------------------------
     0 | D:1      | flyleaff the Gargoyle Earth Elementalist began the quest
                  | for the Orb.
     0 | D:1      | Reached XP level 1. HP: 10/10 MP: 3/3
   340 | D:1      | Reached skill level 1 in Transmutations
   340 | D:1      | Reached XP level 2. HP: 15/15 MP: 3/5
   414 | D:1      | Found a faded altar of an unknown god.
   420 | D:1      | Reached skill level 4 in Earth Magic
   795 | D:2      | Reached XP level 3. HP: 19/19 MP: 0/6
   798 | D:2      | Learned a level 2 spell: Passwall
   802 | D:2      | Learned a level 3 spell: Stone Arrow
  1185 | D:2      | Reached XP level 4. HP: 24/24 MP: 5/8
  1223 | D:2      | Noticed Jessica
  1227 | D:2      | Killed Jessica
  1599 | D:2      | Engulfed by a cloud of flame

Illustrated notes

Levels and vault maps discovered:
D:1:      co_arrival_random_square_maze, layout_rooms,
          hellmonk_ecumenical_altar_blasted, moated_statue
D:2:      layout_basic, lemuel_flame_loot_1, uniq_jessica

Skill      XL: |  1  2  3  4 |
---------------+-------------+-----
Transmutations | 1 |  1.5
Earth Magic    | 4 |  4.7
Spellcasting   | 3 |  3.0
Dodging        | |  1.5
Stealth        | |  2.1
Conjurations   | |  0.8
Poison Magic   | |  0.3

Action                   |  1- 3 |  4- 6 || total
-------------------------+-------+-------++-------
Melee: Unarmed           |     6 |       ||     6
       Staff             |    27 |     4 ||    31
 Cast: Sandblast         |    31 |     6 ||    37
 Stab: Sleeping          |     1 |     1 ||     2
Armor: Robe              |    22 |       ||    22
Dodge: Dodged            |    33 |     3 ||    36

Table legend: (Time is in decaauts)
 A = Elapsed time spent in this place.
 B = Non-inter-level travel time spent in this place.
 C = Inter-level travel time spent in this place.
 D = Time resting spent in this place.
 E = Time spent auto-exploring this place.
 F = Levels seen in this place.
 G = Mean time per level.
                   A        B        C        D        E       F      G
               +--------+--------+--------+--------+--------+-----+--------+
         Total |   1603 |   1582 |     21 |      0 |   1253 |   2 |  801.5 |
       Dungeon |   1603 |   1582 |     21 |      0 |   1253 |   2 |  801.5 |
               +--------+--------+--------+--------+--------+-----+--------+

Top non-repeatable levels by time:
     D:2: 819 daAuts
     D:1: 784 daAuts
